Map: Ever Dream LE

Players

soul

  • Race: Terran Terran
  • League: Master
  • Spawn Location: 7:00

Reynor - Winner!

  • Race: Zerg Zerg
  • Spawn Location: 1:00

Event: War Chest Team League

VOD

Have the link to the VOD?

Description

Time

  • Played on: Aug. 2, 2020, 8:02 a.m.
  • Length: 9:27
Show
View Real Time Build Order
Export as new Build Order

soul Terran 

Build Orders: Command Center First (CC) 

Get SALT Encoding   

  12  0:00  SCV  
  13  0:12  SCV  
  14  0:16  Supply Depot  
  14  0:24  SCV  
  15  0:38  SCV  
  16  0:50  SCV  
  17  0:59  Command Center  
  17  1:03  SCV  
  18  1:13  Barracks  
  18  1:17  SCV  
  19  1:22  Refinery  
  19  1:29  SCV  
  20  1:41  SCV  
  21  2:00  Marine, Orbital Command  
  22  2:08  Supply Depot  
  22  2:11  Orbital Command  
  22  2:18  Marine  
  23  2:22  Factory  
  23  2:26  SCV  
  24  2:37  SCV  
  25  2:38  SCV  
  25  2:40  Barracks Reactor  
  26  2:46  Command Center  
  26  2:49  SCV  
  27  2:51  Refinery  
  27  2:53  SCV  
  28  3:01  SCV  
  30  3:05  SCV  
  30  3:13  SCV  
  30  3:17  SCV  
  32  3:20  Starport  
  32  3:22  Hellion x2  
  32  3:26  SCV  
  37  3:31  Barracks Tech Lab  
  37  3:32  SCV  
  37  3:36  Bunker  
  37  3:38  SCV  
  38  3:44  Hellion x2, SCV  
  43  3:50  SCV  
  44  3:56  SCV  
  44  3:57  Barracks Tech Lab  
  44  4:00  Orbital Command  
  44  4:01  Supply Depot  
  44  4:02  SCV  
  46  4:03  Banshee  
  46  4:08  SCV  
  50  4:11  Barracks  
  50  4:16  Factory Reactor, Stimpack  
  50  4:17  Barracks, Marine  
  50  4:18  SCV  
  50  4:21  SCV  
  53  4:28  SCV  
  53  4:29  Refinery  
  53  4:30  SCV  
  55  4:33  Supply Depot  
  55  4:34  Marine, SCV  
  57  4:43  Engineering Bay x2, SCV  
  59  4:48  SCV  
  59  4:52  Marine  
  60  4:55  SCV  
  60  4:59  Starport Reactor  
  61  5:00  Factory Reactor, SCV  
  62  5:08  Marine x2  
  62  5:10  Marine  
  62  5:11  Terran Infantry Weapons Level 1  
  62  5:12  Terran Infantry Armor Level 1, Orbital Command  
  62  5:14  SCV x2  
  67  5:16  Marine  
  67  5:17  Supply Depot, Marine  
  67  5:18  Barracks  
  67  5:19  Barracks  
  69  5:26  Marine, SCV  
  69  5:27  Marine  
  69  5:28  Supply Depot x2, Marine  
  73  5:31  SCV  
  73  5:34  Marine  
  75  5:37  Widow Mine  
  75  5:39  Medivac x2, Widow Mine, SCV  
  75  5:41  Supply Depot  
  85  5:50  Marine x4, SCV  
  85  5:51  SCV  
  85  5:52  Marine  
  85  5:55  Barracks  
  85  5:56  Barracks  
  91  5:58  Barracks, SCV  
  91  6:01  Supply Depot  
  91  6:02  SCV  
  91  6:03  Supply Depot  
  91  6:04  Combat Shield  
  93  6:06  Barracks Reactor x2  
  93  6:08  SCV  
  93  6:11  Marine x4  
  94  6:14  SCV  
  94  6:17  SCV  
  100  6:19  Marine  
  100  6:24  Medivac  
  100  6:25  Supply Depot  
  103  6:30  Marine x4  
  107  6:33  Supply Depot  
  107  6:37  Marauder, Medivac  
  111  6:41  Supply Depot, Widow Mine  
  111  6:42  Widow Mine  
  111  6:43  Barracks Tech Lab, Concussive Shells  
  111  6:45  Barracks Tech Lab, Marine x5  
  120  6:48  Marine x4  
  123  6:59  Marauder  
  114  7:01  SCV  
  114  7:03  Marine x5, SCV, Widow Mine x2  
  114  7:05  SCV  
  114  7:06  Marine  
  114  7:08  Marauder, Marine  
  129  7:13  SCV  
  130  7:16  Marauder, Marine  
  130  7:20  Marauder, Marine  
  130  7:21  Marine  
  137  7:24  Marine, Widow Mine x2  
  137  7:25  Marauder, Marine  
  137  7:27  Marine  
  146  7:31  Marauder, Marine  
  146  7:35  Supply Depot x2  
  149  7:37  Marauder  
  149  7:41  Marine  
  149  7:42  Marauder  
  149  7:43  Marine  
  152  7:46  Marauder, Marine  
  152  7:48  Widow Mine  
  152  7:50  Marine  
  157  7:52  Marine  
  157  7:55  Marine x2  
  157  7:56  Marauder, Marine  
  146  8:00  Marine  
  146  8:01  Marine  
  146  8:04  Marine  
  128  8:07  Marine  
  128  8:08  Marine  
  128  8:12  Marine  
  133  8:13  Marauder  
  133  8:17  Marauder  
  133  8:19  Medivac  
  125  8:22  Marine  
  125  8:23  Marine  
  119  8:28  Marine  
  119  8:32  Marine  
  119  8:33  Marauder  
  94  8:35  Marine  
  94  8:38  Marine  
  80  8:42  Marine  
  75  8:49  Marauder, Marine x2  
  75  8:52  Marine  
  80  8:55  Marine  
  80  8:56  Marine  
  80  8:58  Marine  
  83  9:04  Marauder, Marine  
  83  9:07  Marine  
  83  9:09  Marine  
Show
View Real Time Build Order
Export as new Build Order

Reynor Zerg - Winner!

Build Orders: Hatch First 

Get SALT Encoding   

  12  0:00  Drone  
  13  0:12  Overlord  
  13  0:16  Drone  
  14  0:30  Drone  
  14  0:31  Drone  
  16  0:47  Hatchery  
  15  0:52  Drone  
  15  0:55  Drone  
  17  0:59  Drone  
  18  1:10  Extractor  
  17  1:15  Spawning Pool  
  16  1:19  Drone  
  16  1:22  Drone  
  18  1:28  Drone  
  19  1:39  Drone  
  20  1:50  Overlord  
  20  2:02  Queen x2  
  20  2:03  Zergling x4  
  26  2:10  Zergling x2  
  26  2:11  Drone  
  28  2:29  Drone x2  
  30  2:33  Hatchery  
  30  2:35  Drone  
  30  2:37  Drone  
  30  2:42  Metabolic Boost  
  31  2:47  Drone  
  32  2:52  Queen  
  32  2:57  Overlord  
  34  3:00  Drone  
  34  3:03  Drone  
  36  3:16  Drone x5  
  41  3:24  Overlord  
  41  3:25  Drone x2  
  42  3:31  Queen  
  42  3:34  Pneumatized Carapace  
  42  3:37  Drone  
  43  3:45  Drone x5  
  43  3:46  Drone  
  49  3:51  Queen  
  49  3:53  Zergling x2  
  49  3:54  Zergling x2  
  53  3:56  Zergling x2  
  53  4:00  Zergling x4  
  56  4:05  Overlord  
  56  4:06  Zergling x2  
  57  4:17  Overlord  
  57  4:22  Overlord  
  57  4:23  Queen  
  59  4:24  Drone x4  
  59  4:25  Drone x2  
  65  4:33  Extractor  
  65  4:34  Drone  
  65  4:35  Evolution Chamber x2  
  65  4:38  Drone x2  
  65  4:40  Drone  
  65  4:44  Drone x3  
  65  4:45  Zergling x2  
  70  4:46  Drone  
  70  4:48  Drone  
  70  4:50  Queen  
  70  4:52  Drone x2  
  76  4:53  Drone  
  76  4:57  Overlord  
  76  4:58  Drone  
  78  5:01  Drone x2  
  78  5:02  Drone  
  78  5:04  Zerg Ground Armor Level 1  
  81  5:09  Zerg Melee Weapons Level 1  
  81  5:10  Drone, Spore Crawler  
  81  5:11  Overlord  
  81  5:19  Hatchery  
  80  5:23  Drone x4  
  80  5:24  Extractor  
  80  5:25  Spore Crawler  
  80  5:28  Lair  
  82  5:31  Zergling x6  
  82  5:33  Drone  
  82  5:34  Drone  
  82  5:35  Drone x2  
  89  5:39  Baneling Nest, Drone  
  89  5:40  Drone x2  
  91  5:44  Zergling x2  
  92  5:51  Hatchery  
  92  5:55  Extractor  
  92  5:56  Drone x5  
  95  5:58  Spore Crawler  
  95  5:59  Drone  
  95  6:02  Drone  
  96  6:06  Zergling x2  
  96  6:07  Overlord x2  
  97  6:14  Overlord  
  97  6:23  Baneling  
  97  6:24  Baneling x3, Overlord  
  97  6:26  Zergling x16  
  97  6:29  Baneling x5, Centrifical Hooks  
  97  6:31  Drone  
  97  6:32  Hatchery, Drone  
  106  6:34  Zergling x4  
  108  6:40  Baneling  
  108  6:42  Overlord  
  108  6:43  Zergling x8  
  108  6:44  Overseer  
  108  6:46  Zergling x4  
  113  6:55  Zergling x10  
  113  7:02  Zergling x10  
  113  7:05  Zerg Ground Armor Level 2  
  113  7:08  Drone x3  
  121  7:09  Queen  
  121  7:11  Zerg Melee Weapons Level 2  
  121  7:13  Zergling x2  
  121  7:14  Zergling x4  
  125  7:17  Zergling x2, Overlord  
  125  7:19  Zergling x2  
  126  7:26  Drone x2  
  126  7:27  Zergling x4  
  130  7:30  Baneling x2  
  130  7:32  Zergling x2  
  130  7:35  Drone x3  
  130  7:36  Drone  
  133  7:37  Zergling x10, Extractor  
  133  7:38  Zergling x4  
  133  7:40  Zergling x2  
  133  7:43  Zergling x8  
  141  7:46  Baneling x8  
  141  7:50  Zergling x8  
  145  7:53  Zergling x2  
  145  7:54  Zergling x4  
  140  7:58  Zergling x4  
  140  8:00  Overlord  
  140  8:02  Baneling  
  140  8:03  Baneling x8  
  140  8:04  Zergling x6  
  139  8:07  Baneling  
  139  8:08  Baneling x2  
  135  8:14  Overlord x2  
  135  8:16  Baneling x4  
  135  8:19  Zergling x12  
  139  8:20  Zergling x8  
  139  8:25  Zergling x10  
  133  8:29  Zergling x4  
  133  8:32  Zergling x8  
  122  8:35  Queen x2  
  122  8:37  Zergling x4  
  122  8:38  Zergling x6  
  122  8:41  Baneling x10  
  126  8:43  Zergling x14  
  130  8:49  Zergling x4  
  130  8:50  Queen  
  130  8:53  Drone x2  
  130  8:54  Drone x2  
  138  8:58  Zergling x2  
  138  8:59  Baneling x3  
  138  9:00  Baneling  
  138  9:01  Drone  
  144  9:03  Zergling x4  
  144  9:05  Zergling x4  
  144  9:07  Zergling x6  
Tags
 
Add a new tag
Caveats
  • Supply blocks, unpowered buildings, or Contaminate may cause inaccurate times.
  • Supply counts are checked every 10 seconds.